 Dungeon Crawl Stone Soup version 0.20.1-1-g8b1a95d (webtiles) character file.

123 AmayaElls the Slasher (level 4, 0/40 HPs)
             Began as a Draconian Berserker on Oct 24, 2017.
             Was a Believer of Trog.
             Slain by a gnoll
             ... wielding a +0 spear
              (2 damage)
             ... on level 3 of the Dungeon.
             The game lasted 00:21:09 (2681 turns).

AmayaElls the Slasher (Draconian Berserker)         Turns: 2681, Time: 00:21:09

Health: 0/40       AC:  5    Str: 20 (22) XL:     4   Next: 79%
Magic:  4/4        EV: 13    Int:  7      God:    Trog [**....]
Gold:   96         SH:  0    Dex:  9 (11) Spells: 3/3 levels left

rFire    . . .     SeeInvis .   a - +1 falchion
rCold    . . .     Gourm    .   (no shield)
rNeg     . . .     Faith    .   (armour unavailable)
rPois    .         Spirit   .   (helmet restricted)
rElec    .         Reflect  .   (no cloak)
rCorr    .         Harm     .   (no gloves)
MR       .....                  (no boots)
Stlth    +.........             (no amulet)
Regen    0.2/turn               (no ring)
MPRegen  0.1/turn               (no ring)

@: no status effects
A: unfitting armour, strong 1, wild magic 1, cold-blooded, MP-powered wands, AC
+5
a: Berserk, Trog's Hand, Burn Spellbooks, Renounce Religion


You were on level 3 of the Dungeon.
You worshipped Trog.
Trog was pleased with you.
You were not hungry.

You visited 1 branch of the dungeon, and saw 3 of its levels.

You collected 96 gold pieces.

Inventory:

Hand Weapons
 a - a +1 falchion (weapon)
 h - a +3 hand axe
 m - a +0 trident of piercing
 n - a +0 rapier
Missiles
 j - 7 tomahawks of dispersal (quivered)
Armour
 f - a +1 ring mail
Jewellery
 i - an uncursed ring of teleportation
 o - an uncursed ring of wizardry {unknown}
Scrolls
 k - a scroll of remove curse
 l - 2 scrolls of recharging
Potions
 d - a potion of ambrosia
 e - a potion of lignification
Comestibles
 b - 2 bread rations
 c - 4 meat rations
 g - a royal jelly


   Skills:
 * Level 4.0 Fighting
 * Level 4.4 Long Blades
 * Level 3.5 Dodging
 + Level 0.4 Stealth


You had 3 spell levels left.
You didn't know any spells.

Dungeon Overview and Level Annotations

Branches:
Dungeon (3/15)

Altars:


Innate Abilities, Weirdness & Mutations

Your plain brown scales are hard. (AC +5)
You cannot fit into any form of body armour.
You are cold-blooded and may be slowed by cold attacks.
Your muscles are strong. (Str +2)
Your spells are a little harder to cast, but a little more powerful.
You expend magic power (3 MP) to strengthen your wands.


Message History

The ball python hisses angrily.
The gnoll shouts! x3
The gnoll closely misses you. The gnoll hits you but does no damage.
Found a bread ration.
The adder hisses angrily.
You hit the gnoll.
The gnoll is heavily wounded.
The gnoll hits you from afar with a spear.
The gnoll hits you with a spear!
You closely miss the gnoll.
Your tail-slap misses the gnoll.
The gnoll is heavily wounded.
The gnoll hits you from afar with a spear!
* * * LOW HITPOINT WARNING * * *
The gnoll hits you with a spear.
* * * LOW HITPOINT WARNING * * *
You hit the gnoll.
The gnoll is severely wounded.
The gnoll hits you from afar with a spear.
* * * LOW HITPOINT WARNING * * *
The gnoll hits you with a spear.
You die... #.##... #... #.###.# #..#* #...... ##+# #.S# #####.# ##...## Sgg

#.. ##.....## gg### * #..
##.......## #g#.## ######.
#........)###g...#######......
+.........'.†@................
#.........###....#######.###..
#....(..## #.#.##* # ###.
##.....## #..... # #...
##...## #####.# #.##.## ##'##
.# #...... #.# # ####.## #.#
#.# ##.## ###.##


You could see 6 gnolls, an adder and a ball python.

Vanquished Creatures
  Jessica (D:2)
  2 adders
  An ooze (D:1)
  3 dart slugs
  A leopard gecko (D:3)
  5 orcs (D:3)
  2 ball pythons
  4 bats
  A giant cockroach (D:3)
  6 goblins
  6 hobgoblins
  12 jackals
  A quokka (D:2)
  2 frilled lizards (D:1)
  4 kobolds
  7 rats
58 creatures vanquished.

Notes
Turn   | Place    | Note
-------+----------+-------------------------------------------
     0 | D:1      | AmayaElls the Draconian Berserker began the quest for the Orb.
     0 | D:1      | Reached XP level 1. HP: 19/19 MP: 1/1
   292 | D:1      | Gained mutation: Your flesh is heat resistant. (rF+) [potion of mutation]
   292 | D:1      | Gained mutation: You passively map a small area around you. [potion of mutation]
   302 | D:1      | Reached XP level 2. HP: 26/26 MP: 2/2
   897 | D:1      | Reached XP level 3. HP: 33/33 MP: 3/3
  1100 | D:2      | Reached ** piety under Trog
  1569 | D:2      | Noticed Jessica
  1575 | D:2      | Killed Jessica
  1575 | D:2      | Reached XP level 4. HP: 21/40 MP: 4/4
  2166 | D:3      | Lost mutation: Your flesh is heat resistant. (rF+) [potion of mutation]
  2166 | D:3      | Lost mutation: You passively map a small area around you. [potion of mutation]
  2166 | D:3      | Gained mutation: You are occasionally teleported next to monsters. [potion of mutation]
  2166 | D:3      | Gained mutation: You are robust. (+10% HP) [potion of mutation]
  2166 | D:3      | Gained mutation: You are clumsy. (Dex -2) [potion of mutation]
  2166 | D:3      | Gained mutation: Your mind is acute. (Int +2) [potion of mutation]
  2466 | D:3      | Lost mutation: You are robust. (+10% HP) [potion of mutation]
  2466 | D:3      | Lost mutation: Your mind is acute. (Int +2) [potion of mutation]
  2466 | D:3      | Lost mutation: You are occasionally teleported next to monsters. [potion of mutation]
  2466 | D:3      | Lost mutation: You are clumsy. (Dex -2) [potion of mutation]
  2466 | D:3      | Gained mutation: Scrolls take you a little longer to read. [potion of mutation]
  2466 | D:3      | Gained mutation: You possess an exceptional clarity of mind. [potion of mutation]
  2467 | D:3      | Lost mutation: You possess an exceptional clarity of mind. [potion of mutation]
  2467 | D:3      | Lost mutation: Scrolls take you a little longer to read. [potion of mutation]
  2467 | D:3      | Gained mutation: Your spells are a little harder to cast, but a little more powerful. [potion of mutation]
  2467 | D:3      | Gained mutation: You expend magic power (3 MP) to strengthen your wands. [potion of mutation]
  2467 | D:3      | Gained mutation: Your muscles are strong. (Str +2) [potion of mutation]
  2681 | D:3      | HP: 2/40 [gnoll/spear (1)]
  2681 | D:3      | Slain by a gnoll

Skill      XL: |  1  2  3  4 |
---------------+-------------+-----
Dodging        | 3 |  3.5
Long Blades    | 4 |  4.4
Fighting       | 4 |  4.0
Stealth        | |  0.4

Action                   |  1- 3 |  4- 6 || total
-------------------------+-------+-------++-------
Melee: Falchion          |    94 |    78 ||   172
       Tailslap          |     9 |    10 ||    19
Invok: Trog's Hand       |     1 |       ||     1
  Use: Scroll            |     5 |     5 ||    10
       Potion            |     5 |     7 ||    12
 Stab: Sleeping          |       |     1 ||     1
  Eat: Meat ration       |     1 |       ||     1
       Royal jelly       |       |     2 ||     2
Armor: Skin              |    42 |    23 ||    65
Dodge: Dodged            |    98 |    62 ||   160
       Rpst.: Falchion   |    32 |    21 ||    53
